AoeStats
← MR1BOOMBOX

Arena

509649843Analyzed
3v3 RM · 6d ago on Sep 27, 2026· 77m 6s· 6 players
Game mode
Random Map
Map size
Normal (6 player)
Population
200
Speed
Normal
Resources
Standard
Victory
Conquest
Starting age
Dark Age
Ending age
Imperial Age
RankedLock teamsTeams togetherTeam positionsShared explorationLock speedFull tech treeHidden civsTurbo modeCheats
Victory
Defeat
🇺🇸 Danes · United States
1027
+10
🇺🇸 Varangians · United States
996
+12
🇺🇸 Vikings · United States
871
+43
🇩🇪 Varangians · Germany
905
-13
🇲🇾 Franks · Malaysia
902
-13
🇨🇳 Khmer · China
880
-29
mastercounter99
11:00 Feudal Age
14:51 Castle Age
12:42 Double-Bit Axe
14:07 Loom
16:14 Wheelbarrow
15:53 Bow Saw
18:45 Stone Mining
21:06 Fletching
37:48 Town Watch
56:27 Fervor
AramPseudoGerman
13:05 Feudal Age
14:00 Double-Bit Axe
13:58 Horse Collar
15:19 Wheelbarrow
18:47 Castle Age
20:01 Hand Cart
19:48 Heavy Plow
20:00 Bow Saw
20:50 Gold Mining
29:49 Stone Mining
30:39 Scale Mail Armor
30:49 Forging
31:57 Stone Shaft Mining
31:25 Treadmill Crane
31:56 Fortified Wall
34:28 Imperial Age
31:45 Loom
32:31 Caravan
33:19 Masonry
33:29 Chain Mail Armor
35:06 Iron Casting
35:54 Crop Rotation
35:41 Guilds
35:22 Elite Varangian Guard
36:05 Squires
35:52 Gambesons
35:53 Arson
38:00 Plate Mail Armor
38:30 Blast Furnace
38:07 Conscription
39:02 Architecture
38:43 Fortified Wall
38:23 Gothikon
38:47 Pikeman
40:28 Coinage
41:01 Two-Man Saw
44:39 Halberdier
45:19 Town Watch
46:51 Scale Barding Armor
47:32 Husbandry
46:55 Cavalier
47:57 Chain Barding Armor
48:19 Bloodlines
50:47 Vendel Legacy
55:00 Light Cavalry
55:46 Hussar
57:04 Plate Barding Armor
59:39 Elite Jarl
山海
9:43 Feudal Age
11:15 Wheelbarrow
10:32 Double-Bit Axe
17:08 Gold Mining
20:19 Castle Age
20:09 Forging
25:13 Bow Saw
29:33 Stone Mining
30:21 Gold Shaft Mining
33:22 Stone Shaft Mining
33:31 Hand Cart
34:52 Iron Casting
38:01 Scale Barding Armor
39:17 Tusk Swords
44:28 Light Cavalry
Lil_Sleezy
10:54 Feudal Age
11:32 Double-Bit Axe
16:10 Castle Age
13:57 Loom
14:06 Horse Collar
16:27 Gold Mining
17:01 Scale Mail Armor
17:12 Forging
18:26 Gambesons
20:45 Squires
21:57 Chain Mail Armor
22:40 Arson
24:16 Iron Casting
23:45 Heavy Plow
24:43 Wheelbarrow
29:25 Hand Cart
28:56 Town Watch
29:46 Bow Saw
33:15 Imperial Age
31:30 Gold Shaft Mining
33:35 Elite Varangian Guard
36:14 Blast Furnace
35:45 Plate Mail Armor
35:41 Capped Ram
36:48 Siege Ram
38:24 Siege Engineers
39:14 Ballistics
39:55 Chemistry
41:55 Fervor
44:17 Coinage
47:34 Onager
48:54 Siege Onager
50:12 Masonry
50:57 Conscription
50:17 Northmen's Fury
51:13 Elite Jomsviking
59:20 Town Patrol
60:24 Banking
63:18 Spies/Treason
MR1BOOMBOX
16:47 Feudal Age
16:48 Loom
17:15 Double-Bit Axe
17:15 Horse Collar
29:42 Castle Age
34:51 Town Watch
37:13 Forging
36:56 Fletching
37:07 Padded Archer Armor
38:42 Squires
38:28 Arson
38:57 Heavy Plow
39:12 Bow Saw
39:34 Stone Mining
42:25 Devotion
42:36 Atonement
42:49 Fervor
48:04 Town Patrol
48:33 Gold Mining
50:59 Gold Shaft Mining
52:47 Scale Mail Armor
53:24 Iron Casting
55:06 Caravan
55:39 Coinage
57:57 Imperial Age
56:08 Chain Mail Armor
59:30 Elite Varangian Guard
61:00 Conscription
63:03 Elite Berserk
64:46 Hoardings
63:43 Sappers
67:56 Two-Man Saw
67:31 Crop Rotation
68:24 Chieftains
68:26 Bogsveigar
69:37 Spies/Treason
Rival_MG
8:11 Loom
10:50 Feudal Age
14:57 Castle Age
13:23 Double-Bit Axe
17:32 Wheelbarrow
17:14 Horse Collar
19:18 Heavy Plow
20:20 Bow Saw
24:50 Gold Mining
27:55 Stone Mining
28:25 Scale Mail Armor
28:38 Scale Barding Armor
28:45 Forging
32:17 Imperial Age
30:46 Fervor
34:04 Hand Cart
34:47 Elite Jarl
35:49 Conscription
36:33 Bloodlines
36:24 Husbandry
36:59 Chain Barding Armor
37:15 Iron Casting
38:07 Town Watch
39:23 Illumination
39:35 Theocracy
40:43 Stone Shaft Mining
41:35 Caravan
41:49 Guilds
45:54 Plate Barding Armor
46:20 Blast Furnace
45:11 Fletching
46:29 Town Patrol
51:47 Ballistics
52:27 Chemistry
58:58 Bodkin Arrow
59:17 Masonry
59:03 Murder Holes
62:05 Spies/Treason
62:12 Spies/Treason
Connection lost

Rejoining the realm…

Still unreachable

The connection could not be restored.

Session expired

The server has moved on; the page needs a fresh start.